 Dungeon Crawl Stone Soup version 0.28.0 (webtiles) character file.

Game seed: 5683158821998469110

12 cbfl8 the Sneak (level 2, -3/24 (27) HPs)
             Began as a Minotaur Delver on Feb 7, 2022.
             Slain by a necrophage (4 damage)
             ... on level 5 of the Dungeon.
             The game lasted 00:00:22 (74 turns).

cbfl8 the Sneak (Minotaur Delver)                     Turns: 74, Time: 00:00:23

HP:   -3/24 (27)    AC:  3    Str: 16    XL:     2   Next: 20%
MP:   1/1           EV: 11    Int:  7    God:
Gold: 28            SH:  0    Dex: 11    Spells: 1/1 levels left

rFire   . . .      SeeInvis +   a - +0 hand axe
rCold   . . .      Faith    .   (no shield)
rNeg    . . .      Spirit   .   b - +0 leather armour
rPois   .          Reflect  .   (helmet restricted)
rElec   .          Harm     .   (no cloak)
rCorr   .          Rampage  .   (no gloves)
Will    .....                   (no boots)
Stlth   ++........              (no amulet)
HPRegen 0.08/turn               i - ring of see invisible
MPRegen 0.07/turn               (no ring)

@: heavily drained
A: horns 2, retaliatory headbutt
a: no special abilities


You were on level 5 of the Dungeon.
You visited 1 branch of the dungeon, and saw 1 of its levels.

You collected 28 gold pieces.

Inventory:

Hand Weapons
 a - a +0 hand axe (weapon)
Armour
 b - a +0 leather armour (worn)
Jewellery
 i - a ring of see invisible (left hand)
Wands
 g - a wand of digging (3)
Scrolls
 c - a scroll of fog
 d - a scroll of magic mapping
 e - a scroll of fear
 h - a scroll of immolation {unknown}
Potions
 f - a potion of haste


   Skills:
 + Level 3.7 Fighting
 + Level 2.5 Axes
 + Level 2.2 Dodging
 + Level 4.4 Stealth


You had one spell level left.
You didn't know any spells.
Your spell library was empty.

Dungeon Overview and Level Annotations

Branches:
Dungeon (5/15)             Temple (0/1) D:5

Altars:


Innate Abilities, Weirdness & Mutations

You have a pair of horns on your head.
You reflexively headbutt those who attack you in melee.


Message History

You closely miss the necrophage.
The necrophage is moderately damaged.
The necrophage barely misses you.
You barely miss the necrophage.
The necrophage is moderately damaged.
The necrophage hits you.
You hit the necrophage but do no damage.
The necrophage is moderately damaged.
The necrophage hits you.
You feel drained.
You barely miss the necrophage.
The necrophage is moderately damaged.
The necrophage hits you but does no damage.
You hit the necrophage.
The necrophage is heavily damaged.
The necrophage hits you but does no damage.
You closely miss the necrophage.
The necrophage is heavily damaged.
The necrophage hits you.
You feel drained. The necrophage closely misses you.
You barely miss the necrophage.
The necrophage is heavily damaged.
The necrophage hits you but does no damage.
You hit the necrophage.
The necrophage is heavily damaged.
The necrophage hits you.
You hit the necrophage. Your headbutt misses the necrophage.
The necrophage is severely damaged.
The necrophage closely misses you.
You closely miss the necrophage. Your headbutt misses the necrophage.
The necrophage is severely damaged.
The necrophage hits you.
* * * LOW HITPOINT WARNING * * *
You hit the necrophage.
The necrophage is almost destroyed.
The necrophage barely misses you.
You closely miss the necrophage.
The necrophage is almost destroyed.
The necrophage hits you.
* * * LOW HITPOINT WARNING * * *
The necrophage hits you.
You die...

...# ...# #..# #..#
#!.# #..# #### ##+
#..#
...####⌠.⌠####..#
.#... #.>.'.n@(##
###..## #⌠.⌠####.#
......# #### #.#
.)....# ##.# #.#
......# #.# #.##
......# #.# #..#
.>....#####.######.#
...................#
...................#


You could see a necrophage.

Vanquished Creatures
  A hound skeleton (D:5)
1 creature vanquished.

Notes
Turn   | Place    | Note
-------+----------+-------------------------------------------
     0 | D:5      | cbfl8 the Minotaur Delver began the quest for the Orb.
     0 | D:5      | Reached XP level 1. HP: 19/19 MP: 0/0
    35 | D:5      | Found a staircase to the Ecumenical Temple.
    50 | D:5      | Reached XP level 2. HP: 27/27 MP: 1/1
    51 | D:5      | Noticed a necrophage
    74 | D:5      | HP: 1/24 [necrophage (4)]
    74 | D:5      | Slain by a necrophage

Illustrated notes

Levels and vault maps discovered:
D:5:      layout_rooms, temple_doors_e

Action                   || total
-------------------------++-------
Melee: Hand axe          ||    19
       Headbutt          ||     1
       Punch             ||     1
Armor: Leather armour    ||     3
Dodge: Dodged            ||     9
